Map: Data-C

Players

MattBarry

  • Race: Zerg Zerg
  • League: Gold
  • Spawn Location: 9:00

Push - Winner!

  • Race: Protoss Protoss
  • League: Platinum
  • Spawn Location: 3:00

VOD

Have the link to the VOD?

Description

Time

  • Played on: Jan. 21, 2023, 2:52 a.m.
  • Length: 8:54
Show
View Real Time Build Order
Export as new Build Order

MattBarry Zerg 

Build Orders: Pool First, Zergling Baneling 

Get SALT Encoding   

  12  0:00  Drone  
  13  0:09  Drone  
  14  0:18  Drone, Extractor  
  14  0:24  Overlord  
  14  0:47  Spawning Pool  
  14  0:48  Drone  
  14  0:51  Drone  
  15  1:03  Drone  
  16  1:24  Hatchery  
  15  1:27  Drone  
  16  1:36  Metabolic Boost  
  16  1:46  Zergling x2  
  16  1:47  Zergling x2  
  18  1:48  Zergling x2  
  19  1:57  Queen  
  21  2:02  Zergling x2  
  22  2:10  Overlord  
  22  2:26  Zergling x2, Evolution Chamber  
  22  2:31  Zergling x2  
  23  2:39  Queen  
  24  2:50  Baneling Nest  
  24  2:58  Drone x2  
  24  2:59  Drone x2  
  27  3:12  Drone x2  
  29  3:25  Zergling x4  
  29  3:26  Drone  
  32  3:33  Extractor  
  31  3:41  Baneling x8  
  31  3:46  Zergling x6  
  31  3:47  Zergling x2  
  35  3:52  Baneling  
  35  3:57  Baneling  
  35  4:01  Overlord  
  35  4:05  Zergling x2  
  36  4:12  Extractor x2  
  36  4:13  Zergling x4  
  36  4:15  Overlord  
  38  4:23  Zergling x2  
  38  4:24  Zergling x4  
  36  4:38  Zergling x10  
  34  4:56  Zergling x6  
  34  4:57  Zergling x6  
  39  5:05  Zergling x4  
  39  5:20  Zergling x8  
  40  5:32  Zergling x4  
  30  5:52  Drone  
  30  5:53  Drone x5  
  36  6:01  Baneling  
  36  6:02  Baneling x4  
  36  6:05  Drone  
  36  6:06  Drone  
  38  6:19  Drone  
  38  6:20  Zergling x10  
  44  6:28  Roach Warren  
  44  6:29  Drone  
  44  6:30  Drone  
  45  6:46  Queen  
  47  6:58  Zergling x8  
  47  7:00  Drone  
  51  7:21  Queen  
  50  7:26  Zergling x2, Roach  
  50  7:27  Roach x2  
  50  7:29  Zergling x8  
  32  7:50  Zergling x6  
  27  8:07  Drone x3  
  30  8:17  Spine Crawler  
  29  8:20  Spine Crawler  
Show
View Real Time Build Order
Export as new Build Order

Push Protoss - Winner!

Build Orders:  

Get SALT Encoding   

  12  0:00  Probe  
  13  0:12  Probe  
  14  0:20  Pylon  
  14  0:24  Probe  
  15  0:38  Probe (Chrono Boost)  
  16  0:44  Gateway  
  17  0:50  Probe (Chrono Boost)  
  17  0:51  Assimilator  
  17  0:55  Probe (Chrono Boost)  
  18  1:04  Probe  
  19  1:14  Forge  
  19  1:16  Probe  
  20  1:29  Probe  
  21  1:35  Cybernetics Core  
  21  1:37  Zealot  
  23  1:48  Photon Cannon  
  23  2:13  Nexus  
  23  2:23  Pylon  
  23  2:26  Assimilator  
  23  2:33  Warp Gate  
  23  2:41  Stalker  
  25  2:51  Probe  
  26  3:03  Probe (Chrono Boost)  
  26  3:04  Twilight Council  
  27  3:15  Probe (Chrono Boost)  
  28  3:20  Probe (Chrono Boost)  
  28  3:25  Probe (Chrono Boost)  
  28  3:26  Robotics Facility  
  30  3:29  Probe (Chrono Boost)  
  30  3:30  Charge  
  31  3:37  Probe (Chrono Boost)  
  31  3:38  Probe (Chrono Boost)  
  33  3:55  Probe x2  
  35  4:04  Gateway  
  35  4:06  Gateway  
  35  4:07  Probe x2  
  37  4:12  Gateway  
  37  4:16  Warp Prism (Chrono Boost)  
  37  4:19  Probe  
  40  4:31  Gateway  
  38  4:32  Gateway  
  38  4:37  Gateway  
  33  4:55  Zealot  
  35  5:06  Zealot  
  35  5:07  Zealot  
  37  5:16  Zealot  
  37  5:17  Zealot  
  34  5:31  Zealot x4  
  34  5:32  Zealot  
  44  5:54  Gateway  
  44  6:11  Gateway  
  44  6:14  Zealot  
  46  6:19  Pylon  
  46  6:22  Pylon  
  46  6:25  Pylon  
  46  6:27  Pylon  
  46  6:31  Pylon  
  46  6:33  Pylon  
  46  6:37  Probe x2  
  48  6:42  Zealot x6  
  48  6:43  Zealot  
  62  6:49  Probe x2  
  64  7:02  Probe x2  
  64  7:03  Zealot x4  
  64  7:04  Zealot x3  
  80  7:14  Probe  
  77  7:30  Zealot  
  77  7:31  Zealot x5  
  77  7:32  Zealot  
  85  8:06  Zealot x4  
  93  8:22  Pylon  
  93  8:24  Pylon  
  93  8:27  Pylon  
  93  8:29  Pylon  
  93  8:30  Shield Battery  
  93  8:33  Zealot x2, Shield Battery  
  93  8:34  Zealot x2  
Tags
 
Matchup
PvZ
Opening
Pool First
Replay Pack
Multiplayer
Spawn Locations
Cross Positions
Add a new tag
Caveats
  • Supply blocks, unpowered buildings, or Contaminate may cause inaccurate times.
  • Supply counts are checked every 10 seconds.